 Dungeon Crawl Stone Soup version 0.30-a0-358-g0d69a1922f (webtiles) character file.

Game seed: 5955525111561802542

62 koil the Sneak (level 3, 0/23 HPs)
             Began as a Vampire Enchanter on Nov 10, 2022.
             Slain by a goblin
             ... wielding a +0 dagger
             ... led by Robin
              (2 damage)
             ... on level 2 of the Dungeon.
             The game lasted 00:05:58 (1531 turns).

koil the Sneak (Vampire Enchanter)                  Turns: 1531, Time: 00:05:59

Health: 0/23       AC:  2    Str:  7    XL:     3   Next: 85%
Magic:  2/6        EV: 12    Int: 19    God:
Gold:   112        SH:  0    Dex: 14    Spells: 1/6 levels left

rFire   . . .      SeeInvis +    a - +1 dagger
rCold   . . .      Faith    .    (no shield)
rNeg    . . .      Spirit   .    k - +0 robe
rPois   .          Reflect  .    (no helmet)
rElec   .          Harm     .    (no cloak)
rCorr   .          Rampage  .    (no gloves)
Will    .....                    (no boots)
Stlth   +++.......               (no amulet)
HPRegen 0.43/turn                (no ring)
MPRegen 0.10/turn                (no ring)

@: healing quickly
A: alive, fangs 3, see invisible, vampiric 2, [frail 1]
a: Exsanguinate


You were on level 2 of the Dungeon.
You visited 1 branch of the dungeon, and saw 2 of its levels.

You collected 112 gold pieces.

Inventory:

Hand Weapons
 a - a +1 dagger (weapon)
 b - the +5 spear "Remp" {vorpal, rPois Dex+2}
   (You took it off a goblin on level 2 of the Dungeon)

   It inflicts extra damage upon your enemies.
   Dex:       It affects your dexterity (+2).
   rPois:     It protects you from poison.
Armour
 k - a +0 robe (worn)
 o - a +0 leather armour
Scrolls
 d - a scroll of blinking {unknown}
 e - 2 scrolls of vulnerability {unknown}
 h - a scroll of poison {unknown}
 i - a scroll of magic mapping {unknown}
 j - a scroll of enchant weapon {unknown}
 l - a scroll of teleportation {unknown}
 m - a scroll of identify {unknown}
Potions
 c - a potion of invisibility
 f - a potion of haste {unknown}
 g - a potion of attraction {unknown}
 n - a potion of magic {unknown}


   Skills:
 + Level 1.1 Fighting
 + Level 1.9 Short Blades
 + Level 2.7 Dodging
 + Level 5.0 Stealth
 + Level 2.3 Spellcasting
 + Level 5.0 Hexes


You had one spell level left.
You knew the following spells:

 Your Spells              Type           Power      Damage    Failure   Level
a - Ensorcelled Hibernat  Hex/Ice        22%        N/A       9%          2
b - Confusing Touch       Hex            21%        N/A       6%          3

Your spell library contained the following spells:

 Spells                   Type           Power      Damage    Failure   Level
 Tukima's Dance           Hex            21%        N/A       6%          3
 Dazzling Flash           Conj/Hex       22%        N/A       17%         3
 Portal Projectile        Hex/Tloc       22%        N/A       17%         3
 Spider Form              Tmut/Pois      2%         N/A       45%         3
 Anguish                  Hex/Necr       5%         N/A       50%         4
 Blade Hands              Tmut           1%         N/A       99%         5


Dungeon Overview and Level Annotations

Branches:
Dungeon (2/15)

Altars:

Annotations:
D:2 1 runed translucent door, Crazy Yiuf


Innate Abilities, Weirdness & Mutations

Your natural rate of healing is accelerated.
You have razor-sharp teeth.
You have supernaturally acute eyesight. (SInv)
You are afflicted with vampirism and can become a bat while bloodless.
[You are frail. (-10% HP)]


Message History

Confirm with . or Enter, or press ? or * to list all spells.
The spell is quite dangerous to miscast (6% risk of failure)!
Continue anyway? [Y]es or [N]o only, please.
The spell is quite dangerous to miscast (6% risk of failure)!
Continue anyway? [Y]es or [N]o only, please.
The spell is quite dangerous to miscast (6% risk of failure)!
Continue anyway?
Your hands begin to glow red.
The goblin hits you with a +0 dagger.
* * * LOW HITPOINT WARNING * * *
Robin roars a battlecry!
The hobgoblin goes into a battle-frenzy!
You hit Robin but do no damage. You bite Robin, but do no damage.
Robin is almost dead.
The goblin barely misses you. Robin hits you with a +0 dagger.
* * * LOW HITPOINT WARNING * * *
You hit Robin but do no damage.
Robin appears confused.
You bite Robin.
You kill Robin!
The goblin no longer looks unusually strong.
The goblin closely misses you.
Your Hexes skill increases to level 5!
You barely miss the goblin.
The hobgoblin no longer looks unusually strong.
The goblin no longer looks unusually strong.
The goblin hits you with a +0 dagger.
* * * LOW HITPOINT WARNING * * *
The goblin barely misses you.
You completely miss the goblin. The goblin hits you with a +0 dagger.
* * * LOW HITPOINT WARNING * * *
The goblin hits you but does no damage.
You hit the goblin. You bite the goblin.
The goblin is severely wounded.
You hit the goblin.
You kill the goblin!
The goblin no longer looks unusually strong.
The goblin hits you but does no damage. The goblin attacks as you move away!
The goblin hits you with a +0 dagger.
* * * LOW HITPOINT WARNING * * *
You see here a +0 dagger.
The goblin attacks as you move away! The goblin hits you but does no damage.
The goblin attacks as you move away! The goblin hits you with a +0 dagger.
You die...

#. #.......#
##≈≈≈≈≈≈..≈≈≈≈≈
#.######.......#
##≈≈≈≈≈..≈≈≈≈≈
.........g.....#
##≈≈≈≈..≈≈≈≈#
..#.#.......##.#
###≈≈≈..≈≈≈##
#.#.......##.#
#.####''####. .
#....#.......#
####...#.....##
..#.#..#.......#
##...#####...###
..#.#..#.##g######.###.#
###....
.........##g)g)g@....#.###
#####
###...#)##########.......#
##.###....#### #....#..#
##.#......>.# #.#.##..#
#..#.......# #.#..#..#
####.##.......# #.##.#..#
#....##...<...# #.......#
#.#####.....[.# #.......#
#.# #.......# ####.####


You could see 2 hobgoblins and 2 goblins.

Vanquished Creatures
  Robin (D:2)
  4 endoplasms
  15 goblins
  3 hobgoblins
  5 ball pythons
  7 bats
  2 frilled lizards
  8 kobolds
  3 rats
  A fungus (D:1)
49 creatures vanquished.

Notes
Turn   | Place    | Note
-------+----------+-------------------------------------------
     0 | D:1      | koil the Vampire Enchanter began the quest for the Orb.
     0 | D:1      | Reached XP level 1. HP: 13/13 MP: 3/3
   139 | D:1      | HP: 2/10 [kobold/+0 short sword (3)]
   149 | D:2      | Reached XP level 2. HP: 4/15 MP: 5/5
   152 | D:2      | Learned a level 2 spell: Ensorcelled Hibernation
   298 | D:1      | HP: 3/16 [bat (1)]
   705 | D:1      | Gained mutation: You are afflicted with vampirism and can
                  | become a bat while bloodless. [Vampire growth]
   705 | D:1      | Reached XP level 3. HP: 20/20 MP: 6/6
   716 | D:1      | Learned a level 3 spell: Confusing Touch
   846 | D:1      | Found a faded altar of an unknown god.
   890 | D:2      | Noticed Robin
  1122 | D:2      | Identified the +5 spear "Remp" {vorpal, rPois Dex+2}
  1181 | D:2      | Reached skill level 1 in Fighting
  1366 | D:2      | Found a runed translucent door.
  1367 | D:2      | Noticed Crazy Yiuf
  1512 | D:2      | Reached skill level 5 in Stealth
  1523 | D:2      | Killed Robin
  1524 | D:2      | Reached skill level 5 in Hexes
  1524 | D:2      | HP: 2/23 [goblin/+0 dagger[Robin] (4)]
  1531 | D:2      | Slain by a goblin

Illustrated notes

Levels and vault maps discovered:
D:1:      lemuel_arrival_hallway, layout_rooms,
          shapermc_ecumenical_altar_hornbeckon, chequers_serial_rivers_marsh
D:2:      kennysheep_big_flooded_room, layout_loops_cross, grunt_decor_clamped,
          uniq_crazy_yiuf_cottage, uniq_robin

Skill      XL: |  1  2  3 |
---------------+----------+-----
Fighting       | 1 |  1.1
Stealth        | 5 |  5.0
Hexes          | 5 |  5.0
Short Blades   | |  1.9
Dodging        | |  2.7
Spellcasting   | |  2.3

Action                   || total
-------------------------++-------
Melee: Dagger            ||   123
       Bite              ||    12
       Punch             ||     3
 Cast: Ensorcelled Hiber ||     6
       Confusing Touch   ||     1
 Abil: Exsanguinate      ||     1
       Revivify          ||     1
  Use: Potion            ||     1
 Stab: Sleeping          ||    11
       Distracted        ||     2
Armor: Robe              ||    31
Dodge: Dodged            ||    91

Table legend: (Time is in decaauts)
 A = Elapsed time spent in this place.
 B = Non-inter-level travel time spent in this place.
 C = Inter-level travel time spent in this place.
 D = Time resting spent in this place.
 E = Time spent auto-exploring this place.
 F = Levels seen in this place.
 G = Mean time per level.
                   A        B        C        D        E       F      G
               +--------+--------+--------+--------+--------+-----+--------+
         Total |   1533 |   1438 |     95 |    270 |    780 |   2 |  766.5 |
       Dungeon |   1533 |   1438 |     95 |    270 |    780 |   2 |  766.5 |
               +--------+--------+--------+--------+--------+-----+--------+

Top non-repeatable levels by time:
     D:1: 948 daAuts
     D:2: 584 daAuts
